 Dungeon Crawl Stone Soup version 0.27-a0-109-g416527ed24 (webtiles) character file.

Game seed: 18129686388658220479

25 timneilson the Shield-Bearer (level 3, 0/23 HPs)
             Began as a Gargoyle Fighter on Jan 24, 2021.
             Slain by a goblin
             ... wielding a +0 club
              (2 damage)
             ... on level 2 of the Dungeon.
             The game lasted 00:01:13 (698 turns).

timneilson the Shield-Bearer (Gargoyle Fighter)      Turns: 698, Time: 00:01:13

Health: 0/23       AC: 10    Str: 20    XL:     3   Next: 4%
Magic:  3/3        EV:  7    Int:  8    God:
Gold:   45         SH:  9    Dex:  9    Spells: 2/2 levels left

rFire    . . .     SeeInvis .   a - +0 long sword
rCold    . . .     Faith    .   c - +0 kite shield
rNeg     + . .     Spirit   .   b - +0 scale mail
rPois    ∞         Reflect  .   (no helmet)
rElec    +         Harm     .   (no cloak)
rCorr    .         Rampage  .   (no gloves)
Will     .....                  (no boots)
Stlth    ..........             (no amulet)
HPRegen  0.07/turn              (no ring)
MPRegen  0.08/turn              (no ring)

@: mighty
A: negative energy resistance 1, electricity resistance, unbreathing,
petrification resistance, miasma immunity, AC +3
a: no special abilities


You were on level 2 of the Dungeon.
You visited 1 branch of the dungeon, and saw 2 of its levels.

You collected 45 gold pieces.

Inventory:

Hand Weapons
 a - a +0 long sword (weapon)
Armour
 b - a +0 scale mail (worn)
 c - a +0 kite shield (worn)
Scrolls
 k - a scroll of remove curse
Potions
 e - a potion of lignification {unknown}
 f - 4 potions of flight {unknown}
 g - a potion of curing {unknown}
 i - 2 potions of invisibility {unknown}
 j - 3 potions of resistance {unknown}
 l - a potion of magic {unknown}


   Skills:
 + Level 3.4 Fighting
 * Level 2.2 Long Blades
 * Level 3.7 Armour
 * Level 3.7 Shields


You had 2 spell levels left.
You didn't know any spells.
Your spell library was empty.

Dungeon Overview and Level Annotations

Branches:
Dungeon (2/15)

Altars:

Annotations:
D:2 Sigmund


Innate Abilities, Weirdness & Mutations

You are resistant to torment.
Your stone body is resilient. (AC +3)
You are immune to poison.
You resist negative energy. (rN+)
You are resistant to electric shocks. (rElec)
You can survive without breathing.
You are immune to petrification.
You are immune to miasma.


Message History

The jackal bites you but does no damage.
Something hits you but does no damage. The goblin barely misses you.
You slash the jackal!
You kill the jackal!
The jackal bites you.
* * * LOW HITPOINT WARNING * * *
You block the jackal's attack. The goblin hits you but does no damage.
Something hits you but does no damage.
You closely miss the hobgoblin.
The jackal bites you but does no damage.
You block the hobgoblin's attack. The goblin hits you with a +0 club.
* * * LOW HITPOINT WARNING * * *
The jackal bites you but does no damage.
The hobgoblin hits you but does no damage.
Something hits you.
* * * LOW HITPOINT WARNING * * *
You barely miss the hobgoblin. The jackal completely misses you.
You riposte.
Your scale mail prevents you from hitting the jackal.
The goblin hits you with a +0 club.
You die...

#.#.# #$. ##.#.## ##..
##.....## ##.?. ##.......##
##########.... #..(......#
#........†...#
#.<.......####.........<...
#....))......#............#
#...)....g##{........###...
#.......hh@g.........####.#
##.......#####.........##.g
#.........# #########.....
#.........# ....#
#.........# ....
#.........# ... #.........#
##.......## ##.....##


You could see 2 jackals, a hobgoblin and a goblin.

Vanquished Creatures
  A dart slug (D:2)
  A leopard gecko (D:1)
  A ball python (D:1)
  A hobgoblin (D:1)
  A jackal (D:2)
  4 bats
  5 goblins
  4 kobolds
  2 rats
20 creatures vanquished.

Notes
Turn   | Place    | Note
-------+----------+-------------------------------------------
     0 | D:1      | timneilson the Gargoyle Fighter began the quest for the
                  | Orb.
     0 | D:1      | Reached XP level 1. HP: 14/14 MP: 1/1
   208 | D:1      | Reached XP level 2. HP: 19/19 MP: 2/2
   666 | D:2      | Noticed Sigmund
   670 | D:2      | Reached XP level 3. HP: 19/23 MP: 3/3
   698 | D:2      | Slain by a goblin

Illustrated notes

Levels and vault maps discovered:
D:1:      zelgadis_glass_arrival_large, layout_rooms, amcnicky_mini_pool_small,
          serial_bayou_pond_d
D:2:      layout_rooms, marbit_many_paths, minmay_misc_feat_roman,
          minmay_crystal_room, uniq_sigmund

Skill      XL: |  1 |
---------------+----+-----
Long Blades    | 2 |  2.2
Fighting       | |  3.4
Armour         | |  3.7
Shields        | |  3.7

Action                   || total
-------------------------++-------
Melee: Long sword        ||    82
  Use: Scroll            ||     4
       Potion            ||     1
Armor: Scale mail        ||    60
Dodge: Dodged            ||    32
Block: Kite shield       ||    58
       Rpst.: Long sword ||    10

Table legend: (Time is in decaauts)
 A = Elapsed time spent in this place.
 B = Non-inter-level travel time spent in this place.
 C = Inter-level travel time spent in this place.
 D = Time resting spent in this place.
 E = Time spent auto-exploring this place.
 F = Levels seen in this place.
 G = Mean time per level.
                   A        B        C        D        E       F      G
               +--------+--------+--------+--------+--------+-----+--------+
         Total |    731 |    729 |      2 |      0 |    530 |   2 |  365.5 |
       Dungeon |    731 |    729 |      2 |      0 |    530 |   2 |  365.5 |
               +--------+--------+--------+--------+--------+-----+--------+

Top non-repeatable levels by time:
     D:1: 621 daAuts
     D:2: 109 daAuts
